 Dungeon Crawl Stone Soup version 0.31-a0-102-g33a4ccc0cb (webtiles) character file.

Game seed: 6551229577990998749

422 mopl the Vexing (level 6, 0/35 HPs)
             Began as a Deep Elf Enchanter on May 26, 2023.
             Slain by a gnoll
             ... wielding a +0 flail
             ... led by a gnoll bouda
              (11 damage)
             ... on level 5 of the Dungeon.
             The game lasted 00:05:39 (2721 turns).

mopl the Vexing (Deep Elf Enchanter)                Turns: 2721, Time: 00:05:40

Health: 0/35       AC:  2    Str: 11    XL:     6   Next: 63%
Magic:  3/15       EV: 12    Int: 22    God:
Gold:   127        SH:  0    Dex: 15    Spells: 7/15 levels left

rFire   . . .        a - +1 dagger
rCold   . . .        (no shield)
rNeg    . . .        f - +0 robe
rPois   .            (no helmet)
rElec   .            (no cloak)
rCorr   .            (no gloves)
SInv    .            (no boots)
Will    .....        (no amulet)
Stlth   +++          j - +6 ring of strength
HPRegen 0.25/turn    (no ring)
MPRegen 0.14/turn

%: no passive effects
@: very slightly contaminated
A: no striking features
a: no special abilities


You were on level 5 of the Dungeon.
You visited 1 branch of the dungeon, and saw 5 of its levels.

You collected 149 gold pieces.
You spent 22 gold pieces at shops.

Inventory:

Hand Weapons
 a - a +1 dagger (weapon)
 b - a +0 short sword of venom
Missiles
 o - 9 boomerangs
 u - 4 poisoned darts
Armour
 f - a +0 robe (worn)
Jewellery
 j - a +6 ring of strength (left hand)
Scrolls
 d - 3 scrolls of identify {unknown}
 g - 2 scrolls of teleportation {unknown}
 i - a scroll of noise {unknown}
 k - a scroll of enchant weapon {unknown}
 l - a scroll of fear {unknown}
 m - a scroll of magic mapping {unknown}
 s - a scroll of enchant armour {unknown}
 v - a scroll of vulnerability {unknown}
 w - a scroll of immolation {unknown}
Potions
 c - 2 potions of invisibility
 e - 2 potions of curing {unknown}
 h - 2 potions of experience {unknown}
 n - a potion of mutation {unknown}
 p - a potion of cancellation {unknown}
 q - 2 potions of attraction {unknown}
 r - a potion of magic {unknown}
 t - a potion of degeneration {unknown}


   Skills:
 + Level 2.2 Fighting
 + Level 3.1 Short Blades
 - Level 2.4 Dodging
 + Level 5.4 Stealth
 + Level 5.0 Spellcasting
 + Level 5.6 Hexes


You had 7 spell levels left.
You knew the following spells:

 Your Spells              Type           Power      Damage    Failure   Level
b - Ensorcelled Hibernat  Hex/Ice        30%        N/A       6%          2
c - Confusing Touch       Hex            30%        N/A       3%          3
d - Tukima's Dance        Hex            30%        N/A       3%          3

Your spell library contained the following spells:

 Spells                   Type           Power      Damage    Failure   Level
 Dazzling Flash           Conj/Hex       30%        N/A       12%         3
 Ozocubu's Armour         Ice            5%         N/A       30%         3
 Volatile Blastmotes      Fire/Tloc      4%         2d10      36%         3
 Passage of Golubria      Tloc           5%         N/A       69%         4
 Metabolic Englaciation   Hex/Ice        7%         N/A       75%         5
 Yara's Violent Unravell  Hex/Tmut       7%         3d5       75%         5
 Iskenderun's Mystic Bla  Conj/Tloc      2%         2d3       78%         4
 Simulacrum               Ice/Necr       1%         N/A       100%        6
 Starburst                Conj/Fire      1%         6d3       100%        6
 Ozocubu's Refrigeration  Ice            2%         4d8       100%        7


Dungeon Overview and Level Annotations

Branches:
Dungeon (5/15)
 Temple: D:4-7

Altars:
Okawaru
Ru
Yredelemnul

Shops:
D:4 *


Message History

Confirm with . or Enter, or press ? or * to list all spells.
Aiming: Ensorcelled Hibernation (safe; 6% risk of failure)
Press: ? - help, Shift-Dir - straight line, f - adder
Aim: an adder (chance to affect: 57%)
The adder resists with significant effort.
You feel sick. The adder barely misses you.
Casting: Ensorcelled Hibernation (safe; 6% risk of failure)
Confirm with . or Enter, or press ? or * to list all spells.
Aiming: Ensorcelled Hibernation (safe; 6% risk of failure)
Press: ? - help, Shift-Dir - straight line, f/p - adder
Aim: an adder (chance to affect: 57%)
You miscast Ensorcelled Hibernation.
You are very lightly contaminated with residual magic.
Nothing appears to happen.
You feel sick. The adder completely misses you.
Casting: Ensorcelled Hibernation (safe; 6% risk of failure)
Confirm with . or Enter, or press ? or * to list all spells.
Aiming: Ensorcelled Hibernation (safe; 6% risk of failure)
Press: ? - help, Shift-Dir - straight line, f/p - adder
Aim: an adder (chance to affect: 57%)
The adder resists with significant effort.
You feel sick. The adder barely misses you.
The adder bites you but does no damage.
Casting: Ensorcelled Hibernation (safe; 6% risk of failure)
Confirm with . or Enter, or press ? or * to list all spells.
Aiming: Ensorcelled Hibernation (safe; 6% risk of failure)
Press: ? - help, Shift-Dir - straight line, f/p - adder
Aim: an adder (chance to affect: 57%)
The adder looks drowsy...
You feel sick.
You are no longer poisoned.
The helpless adder fails to defend itself.
You impale the adder!!
You kill the adder!
Casting: Ensorcelled Hibernation (safe; 6% risk of failure)
Confirm with . or Enter, or press ? or * to list all spells.
Aiming: Ensorcelled Hibernation (safe; 6% risk of failure)
Press: ? - help, Shift-Dir - straight line, f - gnoll
Aim: a gnoll, wielding a +0 flail and quivering a throwing net (chance to affect: 57%)
The gnoll resists with significant effort.
The gnoll hits you with a +0 flail!
You die...

#.#######
.#.....# ..
......# .###
##.....# ...#
###......# ...
...g.....###..
#.g....##.. #.#
#.# #.###@#
#..##g#
..####.).<#
#.........#
##:..#.##.......
#...........###
#...##=####...#
#...# .# ##..
#... .. #


You could see a gnoll.

Vanquished Creatures
  An ogre (D:4)
  A scorpion (D:4)
  A hound (D:5)
  A jelly (D:3)
  2 iguanas (D:4)
  2 gnolls
  4 adders
  A white imp (D:4)
  A worm (D:4)
  2 dart slugs
  10 orcs
  5 endoplasms
  4 giant cockroaches
  6 goblins
  7 hobgoblins
  4 jackals (D:4)
  4 quokkas
  13 ball pythons
  6 bats
  3 frilled lizards
  6 kobolds
  3 rats
87 creatures vanquished.

Notes
Turn   | Place    | Note
-------+----------+-------------------------------------------
     0 | D:1      | mopl the Deep Elf Enchanter began the quest for the Orb.
     0 | D:1      | Reached XP level 1. HP: 10/10 MP: 6/6
    88 | D:1      | Reached XP level 2. HP: 10/15 MP: 8/8
    91 | D:1      | Learned a level 2 spell: Ensorcelled Hibernation
   290 | D:1      | Reached skill level 4 in Stealth
   393 | D:1      | Reached XP level 3. HP: 20/20 MP: 9/9
   777 | D:2      | Reached skill level 1 in Fighting
  1132 | D:3      | Reached XP level 4. HP: 12/25 MP: 7/11
  1225 | D:3      | Reached skill level 2 in Short Blades
  1376 | D:3      | Found a faded altar of an unknown god.
  1394 | D:3      | Learned a level 3 spell: Confusing Touch
  1398 | D:3      | Learned a level 3 spell: Tukima's Dance
  1428 | D:3      | Reached skill level 4 in Spellcasting
  1937 | D:4      | Noticed an ogre
  1990 | D:4      | Killed an ogre
  1991 | D:4      | Reached skill level 5 in Hexes
  1991 | D:4      | Reached XP level 5. HP: 28/30 MP: 10/13
  2062 | D:4      | Reached skill level 5 in Stealth
  2062 | D:4      | Reached XP level 6. HP: 9/35 MP: 2/14
  2334 | D:4      | Found a sacrificial altar of Ru.
  2367 | D:4      | Found an iron altar of Okawaru.
  2368 | D:4      | Found a basalt altar of Yredelemnul.
  2403 | D:4      | Reached skill level 2 in Fighting
  2664 | D:4      | Found Duraohov's Assorted Antiques.
  2673 | D:4      | Bought a scroll labelled XOMOJE FAKUIHO for 22 gold pieces
  2696 | D:5      | Entered Level 5 of the Dungeon
  2698 | D:5      | Reached skill level 3 in Short Blades
  2698 | D:5      | Reached skill level 5 in Spellcasting
  2721 | D:5      | Slain by a gnoll

Illustrated notes

Levels and vault maps discovered:
D:1:      dpeg_arrival_connections, layout_loops_cross
D:2:      layout_rooms
D:3:      layout_basic, dreamdust_ecumenical_altar_statues,
          serial_bayou_crossing
D:4:      nicolae_cairo_tiling_large_dashed, layout_loops_ring,
          nicolae_ru_great_annihilating_truth, gammafunk_temple_overflow_statue,
          serial_shops, shop, minmay_misc_feat_cross
D:5:      layout_rooms, mainiacjoe_overflow_boulevard, serial_shops,
          nicolae_shop_peninsula, serial_park_tiny_1

Skill      XL: |  1  2  3  4  5  6 |
---------------+-------------------+-----
Stealth        | 4 5 |  5.4
Fighting       | 1 2 |  2.2
Short Blades   | 2 3 |  3.1
Spellcasting   | 4 5 |  5.0
Hexes          | 5 |  5.6
Dodging        | |  2.4

Action                     |  1- 3 |  4- 6 || total
---------------------------+-------+-------++-------
  Melee: Short sword       |    13 |    45 ||    58
         Dagger            |    64 |    65 ||   129
         Punch             |       |     1 ||     1
   Cast: Ensorcelled Hiber |    18 |    36 ||    54
         Confusing Touch   |       |     1 ||     1
   Stab: Sleeping          |    28 |    29 ||    57
 Armour: Robe              |    11 |    24 ||    35
  Dodge: Dodged            |    44 |    76 ||   120

Table legend: (Time is in decaauts)
 A = Elapsed time spent in this place.
 B = Non-inter-level travel time spent in this place.
 C = Inter-level travel time spent in this place.
 D = Time resting spent in this place.
 E = Time spent auto-exploring this place.
 F = Levels seen in this place.
 G = Mean time per level.
                   A        B        C        D        E       F      G
               +--------+--------+--------+--------+--------+-----+--------+
         Total |   2703 |   2628 |     75 |    251 |   1730 |   5 |  540.6 |
       Dungeon |   2703 |   2628 |     75 |    251 |   1730 |   5 |  540.6 |
               +--------+--------+--------+--------+--------+-----+--------+

Top non-repeatable levels by time:
     D:3: 865 daAuts
     D:4: 702 daAuts
     D:1: 692 daAuts
     D:2: 419 daAuts
     D:5: 24 daAuts
